Map: Rainfall LE

Players

Lambo - Winner!

  • Race: Zerg Zerg
  • Spawn Location: 11:00

Mixu

  • Race: Zerg Zerg
  • League: Grandmaster
  • Spawn Location: 5:00

VOD

Have the link to the VOD?

Description

Time

  • Played on: July 4, 2026, 12:22 p.m.
  • Length: 7:48
Show
View Real Time Build Order
Export as new Build Order

Lambo Zerg - Winner!

Build Orders: Hatch First 

Get SALT Encoding   

  8  0:00  Drone  
  9  0:10  Drone  
  10  0:16  Drone  
  11  0:23  Drone  
  12  0:32  Overlord  
  12  0:40  Extractor, Drone  
  13  0:51  Drone x2  
  15  1:11  Hatchery  
  14  1:14  Drone  
  14  1:18  Drone  
  16  1:21  Drone  
  17  1:35  Spawning Pool  
  17  1:39  Drone  
  17  1:42  Extractor  
  17  1:43  Drone  
  17  1:51  Drone  
  18  2:00  Drone  
  19  2:10  Overlord  
  19  2:20  Drone  
  19  2:22  Queen x2  
  20  2:29  Drone x2  
  26  2:34  Drone  
  27  2:39  Zergling x2  
  27  2:43  Metabolic Boost  
  28  2:46  Drone  
  28  2:50  Overlord  
  29  2:53  Drone  
  30  3:00  Drone  
  30  3:03  Drone  
  32  3:09  Baneling Nest  
  32  3:12  Drone  
  32  3:17  Drone  
  32  3:19  Drone  
  34  3:30  Zergling x4  
  34  3:33  Zergling x2  
  37  3:34  Drone x3  
  37  3:37  Overlord  
  40  3:42  Hatchery  
  40  3:45  Zergling x2  
  40  3:54  Overlord  
  40  3:55  Evolution Chamber  
  39  3:59  Overlord  
  39  4:01  Baneling x2  
  39  4:02  Zergling x2  
  40  4:03  Drone x2  
  40  4:05  Zergling x2  
  40  4:07  Baneling x2  
  43  4:10  Zergling x2  
  43  4:11  Drone  
  43  4:14  Extractor  
  43  4:23  Drone x5  
  48  4:31  Overlord  
  48  4:35  Drone x5  
  53  4:40  Overlord  
  53  4:43  Zerg Ground Armor Level 1  
  53  4:51  Zergling x4, Extractor  
  54  4:53  Roach Warren  
  54  4:55  Baneling  
  53  5:00  Zergling x10  
  59  5:07  Zergling x6  
  57  5:20  Overlord  
  56  5:28  Queen  
  58  5:29  Overlord  
  58  5:33  Roach x6  
  70  5:38  Roach x2  
  70  5:42  Roach x2  
  77  5:49  Roach x2  
  82  5:50  Roach  
  82  5:52  Roach  
  82  5:54  Drone  
  82  5:56  Roach  
  87  5:57  Roach  
  87  6:00  Roach  
  87  6:03  Roach  
  93  6:04  Baneling  
  93  6:09  Roach x2  
  93  6:11  Roach  
  99  6:14  Overlord  
  99  6:15  Zergling x2  
  92  6:19  Roach  
  92  6:23  Overlord  
  92  6:24  Overlord  
  93  6:26  Drone  
  93  6:37  Roach x4  
  95  6:40  Zergling x6  
  95  6:46  Ravager  
  95  6:47  Zergling x6  
  99  6:49  Ravager  
  99  6:50  Zergling x4  
  102  6:55  Zergling x6  
  102  6:59  Zergling x2  
  102  7:00  Zergling x4  
  108  7:02  Zergling x4  
  108  7:03  Ravager  
  111  7:08  Zergling x6  
  111  7:10  Ravager  
  111  7:11  Zergling x4  
  111  7:13  Zergling x2  
  118  7:20  Zergling x10  
  118  7:23  Zergling x2, Ravager  
  118  7:24  Ravager  
  118  7:29  Zergling x6  
Show
View Real Time Build Order
Export as new Build Order

Mixu Zerg 

Build Orders: Hatch First 

Get SALT Encoding   

  8  0:00  Drone  
  9  0:10  Drone  
  10  0:16  Drone  
  11  0:22  Drone  
  12  0:32  Overlord  
  12  0:39  Extractor, Drone  
  13  0:50  Drone x2  
  15  1:00  Drone  
  16  1:14  Hatchery  
  16  1:18  Drone  
  16  1:25  Drone  
  17  1:30  Drone  
  18  1:38  Extractor  
  17  1:40  Spawning Pool  
  17  1:42  Drone  
  17  1:51  Drone  
  18  2:02  Drone  
  19  2:10  Overlord  
  19  2:20  Drone  
  20  2:26  Queen x2  
  20  2:29  Drone  
  25  2:31  Zergling x2  
  25  2:36  Drone  
  27  2:39  Metabolic Boost  
  27  2:42  Drone  
  28  2:46  Drone  
  28  2:50  Drone  
  30  2:57  Drone  
  31  2:59  Drone  
  32  3:06  Overlord  
  32  3:12  Evolution Chamber  
  31  3:15  Drone  
  32  3:24  Drone x2  
  32  3:26  Drone  
  34  3:29  Drone  
  35  3:37  Overlord, Baneling Nest  
  35  3:39  Zergling x10  
  39  3:52  Overlord  
  39  3:54  Hatchery, Drone x2  
  40  4:01  Zerg Ground Armor Level 1  
  40  4:03  Zergling x4  
  40  4:05  Zergling x2  
  40  4:09  Drone x2  
  45  4:10  Drone  
  45  4:13  Extractor  
  45  4:20  Roach Warren  
  45  4:21  Baneling  
  45  4:23  Zergling x6  
  46  4:27  Zergling x4  
  46  4:30  Zergling x2  
  48  4:39  Zergling x10  
  48  4:45  Baneling  
  52  4:46  Overlord  
  52  4:47  Drone x2  
  54  4:57  Overlord  
  54  5:01  Overlord  
  54  5:02  Drone  
  44  5:17  Roach x7  
  44  5:18  Zergling x4  
  60  5:23  Zergling x4  
  60  5:25  Roach  
  60  5:27  Roach  
  66  5:30  Zergling x2  
  66  5:38  Roach x2  
  66  5:39  Zergling x2  
  69  5:45  Zergling x4  
  69  5:48  Zergling x8  
  73  5:52  Zergling x6  
  73  5:56  Baneling x2  
  76  5:59  Zergling x4  
  76  6:00  Zergling x2  
  76  6:03  Baneling  
  76  6:04  Baneling, Zergling x2  
  79  6:05  Baneling  
  79  6:07  Zergling x4  
  81  6:14  Zergling x2  
  79  6:20  Zergling x10  
  79  6:22  Overlord  
  83  6:26  Zergling x2  
  83  6:30  Overlord  
  78  6:36  Zergling x4  
  78  6:38  Zergling x6  
  71  6:45  Zergling x4  
  71  6:49  Overlord  
  71  6:53  Roach x4  
  79  6:56  Roach  
  79  6:59  Roach  
  82  7:02  Zergling x2  
  82  7:05  Roach  
  84  7:09  Roach  
  84  7:12  Zergling x4  
  86  7:19  Roach  
  86  7:21  Zergling x6  
  80  7:26  Zergling x10  
  80  7:28  Ravager  
Tags
 
Matchup
ZvZ
Player
LamboMixu
Race
Zerg
Replay Pack
hsc29
Spawn Locations
Cross Positions
Add a new tag
Caveats
  • Supply blocks, unpowered buildings, or Contaminate may cause inaccurate times.
  • Supply counts are checked every 10 seconds.